 Dungeon Crawl Stone Soup version 0.20-a0-1124-g2e29d97 (webtiles) character file.

4579 JeffiDaFish the Basher (level 10, -1/61 HPs)
             Began as a Gargoyle Fighter on May 16, 2017.
             Was an Elder of Okawaru.
             Slain by a two-headed ogre
             ... wielding a +0 giant club
              (20 damage)
             ... on level 8 of the Dungeon.
             The game lasted 00:16:17 (6864 turns).

JeffiDaFish the Basher (Gargoyle Fighter)           Turns: 6864, Time: 00:16:18

Health: -1/61      AC: 21    Str: 20    XL:     10   Next: 41%
Magic:  10/10      EV:  8    Int:  9    God:    Okawaru [****..]
Gold:   481        SH: 11    Dex: 14    Spells: 9/9 levels left

rFire    . . .     SeeInvis +   m - +1 morningstar
rCold    . . .     Gourm    .   c - +0 shield
rNeg     + . .     Faith    .   j - +0 chain mail
rPois    ∞         Spirit   .   (no helmet)
rElec    +         Reflect  .   g - +0 cloak
rCorr    .         Harm     .   w - +0 pair of gloves
MR       +....                  (no boots)
Stlth    ..........             p - amulet of regeneration
Regen    0.6/turn               e - ring of see invisible
MPRegen  0.2/turn               v - ring of protection from magic

@: no status effects
A: hooves 1, rugged brown scales 1, agile 1, negative energy resistance 1,
electricity resistance, unbreathing, petrification resistance, rot immunity,
subdued magic 1, AC +7
a: Heroism, Renounce Religion


You were on level 8 of the Dungeon.
You worshipped Okawaru.
Okawaru was greatly pleased with you.
You were not hungry.

You visited 1 branch of the dungeon, and saw 8 of its levels.

You collected 481 gold pieces.

Inventory:

Hand Weapons
 m - a +1 morningstar (weapon)
 u - a +2 whip of flaming
Armour
 c - a +0 shield (worn)
 g - a +0 cloak (worn)
 j - a +0 chain mail (worn)
 w - a +0 pair of gloves (worn)
Jewellery
 e - a ring of see invisible (left hand)
 p - an amulet of regeneration (around neck)
 q - an uncursed ring of positive energy
 v - a ring of protection from magic (right hand)
Wands
 k - a wand of polymorph (22/24)
 y - a wand of disintegration (5/24)
Scrolls
 a - 2 scrolls of remove curse
 l - 4 scrolls of teleportation
 n - a scroll of fog
 t - a scroll of fear
Potions
 b - a potion of agility
 d - 2 potions of flight
 o - a potion of cancellation
 x - a potion of brilliance
 z - a potion of curing
Books
 s - a book of Frost

   Spells                             Type                      Level
   a - Freeze                         Ice                          1
   b - Throw Frost                    Conjuration/Ice              2
   c - Ozocubu's Armour               Charms/Ice                   3
   d - Throw Icicle                   Conjuration/Ice              4
   e - Summon Ice Beast               Ice/Summoning                4
Comestibles
 f - 4 bread rations
 h - 7 meat rations
 i - 17 royal jellies


   Skills:
 + Level 6.2 Fighting
 + Level 9.9 Maces & Flails
 + Level 7.3 Armour
 + Level 2.5 Dodging
 + Level 1.0 Stealth
 + Level 8.9 Shields
 + Level 0.2 Unarmed Combat
 + Level 0.3 Evocations


You had 9 spell levels left.
You didn't know any spells.

Dungeon Overview and Level Annotations

Branches:
Dungeon (8/15)             Temple (0/1) D:4
   Lair: D:8-11

Altars:
Ashenzari
Cheibriados
Fedhas
Gozag
Hepliaklqana
Nemelex Xobeh
Okawaru
Qazlal
Trog
Xom
Yredelemnul


Innate Abilities, Weirdness & Mutations

You are resistant to torment.
Your stone body is resilient. (AC +7)
You are immune to poison.
You resist negative energy. (rN+)
You are resistant to electric shocks. (rElec)
You can survive without breathing.
You are immune to petrification.
You are immune to rotting.
You have large cloven feet.
You are partially covered in rugged brown scales. (AC +1, +3% HP)
You are agile. (Dex +2)
Your spells are a little easier to cast, but a little less powerful.


Message History

The two-headed ogre is moderately wounded.
The two-headed ogre hits you with a giant club!
The two-headed ogre hits you but does no damage.
You sock the two-headed ogre!
The two-headed ogre is heavily wounded.
The two-headed ogre hits you with a giant club!
* * * LOW HITPOINT WARNING * * *
The two-headed ogre closely misses you.
You hit the two-headed ogre. Your kick misses the two-headed ogre.
The two-headed ogre is heavily wounded.
The two-headed ogre barely misses you. The two-headed ogre closely misses you.
You hit the two-headed ogre.
You kick the two-headed ogre, but do no damage.
The two-headed ogre is severely wounded.
You puncture the two-headed ogre!
You kick the two-headed ogre, but do no damage.
The two-headed ogre is almost dead.
You block the two-headed ogre's attack.
The two-headed ogre hits you with a giant spiked club!!
You die...

##################
#.....O@.........# #
#####
#.##############.#######
....# #.#
#####...........## ....#
#.# #..........####.##
....######.##
#.#######..####.##
..........O.# #.#
#..#......
....######..####.#
#......... ....#
##..##...# #.########
....# #......#.# #.# #


You could see a two-headed ogre.

Vanquished Creatures
  Pikel (D:7)
  A hippogriff (D:7)
  Sigmund (D:2)
  6 yaks (D:7)
  A wyvern (D:8)
  2 steam dragons (D:7)
  A water moccasin (D:7)
  The ghost of Likado the Skirmisher, an amateur OgBe of Trog (D:3)
  Duvessa (D:4)
  A sky beast (D:7)
  3 phantoms
  2 necrophages
  An ogre (D:8)
  2 centaurs
  4 bullfrogs
  Dowan (D:4)
  A water moccasin skeleton (D:7)
  A crimson imp (D:5)
  5 jellies
  A hound (D:5)
  5 orc priests
  A bullfrog skeleton (D:7)
  4 orc wizards
  Jessica (D:2)
  3 iguanas
  Natasha (thrice) (D:2)
  9 worker ants
  A killer bee zombie (D:8)
  2 hound skeletons
  A worker ant zombie (D:8)
  6 gnolls
  2 howler monkey skeletons
  11 adders
  2 shadow imps
  6 oozes
  An adder zombie (D:6)
  A worm (D:3)
  4 leopard geckos
  24 orcs
  4 giant cockroaches
  11 goblins
  14 hobgoblins
  12 jackals
  4 kobolds
  4 quokkas
  4 ball pythons
  3 bats (D:2)
  6 frilled lizards
  A leopard gecko zombie (D:7)
  A quokka zombie (D:5)
  5 rats
193 creatures vanquished.

Vanquished Creatures (others)
  An ogre (D:4)
  3 slaves (D:7)
  A quasit (D:4)
  2 worker ants (D:4)
  A hound skeleton (D:4)
  A worm (D:4)
  An orc (D:4)
  2 fungi (D:7)
12 creatures vanquished.

Grand Total: 205 creatures vanquished

Notes
Turn   | Place    | Note
-------+----------+-------------------------------------------
     0 | D:1      | JeffiDaFish the Gargoyle Fighter began the quest for the Orb.
     0 | D:1      | Reached XP level 1. HP: 14/14 MP: 1/1
   202 | D:1      | Reached XP level 2. HP: 19/19 MP: 2/2
   345 | D:1      | Reached XP level 3. HP: 23/23 MP: 3/3
   808 | D:2      | Noticed Natasha
   843 | D:2      | Killed Natasha
   843 | D:2      | Reached XP level 4. HP: 11/28 MP: 4/4
  1026 | D:2      | Noticed Jessica
  1033 | D:2      | Killed Jessica
  1033 | D:2      | Reached skill level 3 in Maces & Flails
  1095 | D:2      | Noticed Sigmund
  1109 | D:2      | Killed Sigmund
  1109 | D:2      | Reached skill level 4 in Maces & Flails
  1109 | D:2      | Reached XP level 5. HP: 26/33 MP: 5/5
  1109 | D:2      | Reached XP level 6. HP: 31/38 MP: 6/6
  1173 | D:2      | Noticed Natasha
  1191 | D:2      | Killed Natasha
  1415 | D:2      | Noticed Natasha
  1423 | D:2      | Killed Natasha
  1423 | D:2      | Reached skill level 1 in Dodging
  1429 | D:2      | Gained mutation: Your spells are a little easier to cast, but a little less powerful. [potion of mutation]
  1429 | D:2      | Gained mutation: You have large cloven feet. [potion of mutation]
  1429 | D:2      | Gained mutation: You are agile. (Dex +2) [potion of mutation]
  1429 | D:2      | Gained mutation: You are partially covered in rugged brown scales. (AC +1, +3% HP) [potion of mutation]
  1565 | D:2      | Found an iron altar of Okawaru.
  1573 | D:2      | Became a worshipper of Warmaster Okawaru
  1618 | D:2      | Found a stormy altar of Qazlal.
  1642 | D:2      | Found a blossoming altar of Fedhas.
  1884 | D:2      | Reached skill level 5 in Shields
  2420 | D:3      | Noticed Likado's ghost (amateur OgBe)
  2432 | D:3      | Killed Likado's ghost
  2432 | D:3      | Reached XP level 7. HP: 21/44 MP: 7/7
  2902 | D:4      | Reached skill level 5 in Maces & Flails
  3167 | D:4      | Noticed Duvessa
  3168 | D:4      | Noticed Dowan
  3263 | D:3      | Reached * piety under Okawaru
  3336 | D:4      | Found a shimmering altar of Xom.
  3421 | D:4      | Killed Duvessa
  3421 | D:4      | Reached skill level 6 in Maces & Flails
  3421 | D:4      | Reached skill level 5 in Armour
  3421 | D:4      | Reached XP level 8. HP: 49/49 MP: 8/8
  3452 | D:4      | Killed Dowan
  3849 | D:4      | Reached ** piety under Okawaru
  3905 | D:4      | Found a staircase to the Ecumenical Temple.
  3954 | D:5      | Entered Level 5 of the Dungeon
  4107 | D:5      | Found a bloodstained altar of Trog.
  4125 | D:5      | HP: 2/49 [orc priest/divine providence (8)]
  4463 | D:5      | Found an opulent altar of Gozag.
  4464 | D:5      | Found a sparkling altar of Nemelex Xobeh.
  4541 | D:5      | Found a basalt altar of Yredelemnul.
  4542 | D:5      | Found a snail-covered altar of Cheibriados.
  4711 | D:5      | Reached skill level 7 in Maces & Flails
  4870 | D:6      | Reached skill level 5 in Fighting
  4994 | D:6      | Reached XP level 9. HP: 55/55 MP: 9/9
  5441 | D:7      | Found a shattered altar of Ashenzari.
  5472 | D:7      | Noticed Pikel
  5507 | D:7      | Killed Pikel
  5507 | D:7      | Reached skill level 8 in Maces & Flails
  5519 | D:7      | Reached *** piety under Okawaru
  5642 | D:7      | Reached **** piety under Okawaru
  5642 | D:7      | Reached skill level 9 in Maces & Flails
  5642 | D:7      | Reached XP level 10. HP: 51/61 MP: 10/10
  5957 | D:7      | Found a hazy altar of Hepliaklqana.
  6476 | D:8      | Reached skill level 1 in Stealth
  6839 | D:8      | Noticed a two-headed ogre
  6864 | D:8      | Slain by a two-headed ogre

Vault maps used:
D:1:      dpeg_arrival_three_bigger_balls
D:2:      lemuel_crystal_altar, lemuel_doored_altar, okawaru_metal_pillars_1_2,
          roderic_lattice_a, uniq_sigmund, uniq_natasha, uniq_jessica
D:4:      xom_confusion_cloud, minmay_temple_entry_metal_lava, uniq_duvessa
D:5:      grunt_temple_overflow_opulence, nicolae_overflow_crystal_walls,
          gammafunk_temple_overflow_statue, first_bread, serial_bayou_pond_c
D:6:      minmay_strange_pillars
D:7:      kennysheep_steamy, kennysheep_mini_moat, kennysheep_mini, uniq_pikel
D:8:      hangedman_little_slice_of_home

Skill      XL: |  1  2  3  4  5  6  7  8  9 10 |
---------------+-------------------------------+-----
Shields        | 4 5 6 8 |  8.9
Maces & Flails | 4 6 7 9 |  9.9
Armour         | 4 5 6 7 |  7.3
Fighting       | 4 5 6 |  6.2
Dodging        | 1 2 |  2.5
Stealth        | 1 |  1.0
Unarmed Combat | |  0.2
Evocations     | |  0.3

Action                   |  1- 3 |  4- 6 |  7- 9 | 10-12 || total
-------------------------+-------+-------+-------+-------++-------
Melee: Flail             |   113 |   147 |       |       ||   260
       Unarmed           |       |     2 |       |       ||     2
       Morningstar       |       |    52 |   518 |   174 ||   744
       Kick              |       |    24 |   146 |    65 ||   235
       Whip              |       |       |     3 |       ||     3
Evoke: Wand              |       |       |     2 |       ||     2
  Use: Scroll            |     2 |     4 |     9 |     2 ||    17
       Potion            |     2 |     5 |     5 |       ||    12
  Eat: Chunk             |       |     6 |    11 |     4 ||    21
Armor: Scale mail        |    24 |       |       |       ||    24
       Chain mail        |    30 |   184 |   361 |    83 ||   658
       Skin              |       |     3 |       |       ||     3
Dodge: Dodged            |    29 |    75 |   128 |    51 ||   283
Block: Shield            |    53 |   154 |   321 |    94 ||   622
